 Dungeon Crawl Stone Soup version 0.31-a0-1591-g515db51633 (webtiles) character file.

Game seed: 8017466225330390526

82586 wildpjah the Eclecticist (level 15, -2/89 HPs)
             Began as a Deep Elf Conjurer on Jan 6, 2024.
             Was an Elder of Sif Muna.
             Shot with a sling bullet by a faun (14 damage)
             ... in a wizard's laboratory.
             The game lasted 02:03:34 (29033 turns).

wildpjah the Eclecticist (Deep Elf Conjurer)       Turns: 29033, Time: 02:03:35

Health: -2/89      AC:  9    Str:  4    XL:     15   Next: 29%
Magic:  10/36      EV: 15    Int: 41    God:    Sif Muna [****..]
Gold:   2418       SH:  0    Dex: 13    Spells: 2/45 levels left

rFire   + . .        z - staff of Modesty {rElec Conj Ice Earth}
rCold   . . .        (no shield)
rNeg    + . .        I - +1 robe "Zith" {Harm rC- Int+4 SInv}
rPois   .            F - +2 helmet of Starshine {rElec}
rElec   +            L - scarf {rC+ rF+}
rCorr   .            t - +0 pair of gloves
SInv    +            h - +1 pair of boots
Will    .....        (no amulet)
Stlth   +++          d - ring "Sitean" {Wiz rN+}
HPRegen 0.34/turn    p - +6 ring of intelligence
MPRegen 0.25/turn

%: random rage (3%), harm (+30% outgoing, +20% incoming), wizardry (x1)
@: weak-willed
A: berserk 1
a: Renounce Religion, Channel Magic, Forget Spell, Divine Exegesis


You were in a wizard's laboratory.
You worshipped Sif Muna.
Sif Muna was greatly pleased with you.
You visited 5 branches of the dungeon, and saw 21 of its levels.
You also visited: Volcano and Wizlab.

You collected 4200 gold pieces.
You spent 1782 gold pieces at shops.

Inventory:

Hand Weapons
 k - a +0 dagger
 Q - a +4 flail of flaming
Missiles
 m - 10 boomerangs
 N - 6 silver javelins
 S - 9 curare-tipped darts
Armour
 a - +0 steam dragon scales
 f - a scarf of shadows
 h - a +1 pair of boots (worn)
 l - the +2 robe of Qeafoxue {rElec MP+9 Int-5}
   (You found it on level 5 of the Lair of Beasts)

   Int-5:     It affects your intelligence (-5).
   rElec:     It insulates you from electricity.
   MP+9:      It affects your magic capacity (+9).
 t - a +0 pair of gloves (worn)
 F - the +2 helmet of Starshine (worn) {rElec}
   (You bought it in a shop on level 9 of the Dungeon)

   rElec:     It insulates you from electricity.
 I - the +1 robe "Zith" (worn) {Harm rC- Int+4 SInv}
   (You found it on level 7 of the Dungeon)

   Int+4:     It affects your intelligence (+4).
   rC-:       It makes you vulnerable to cold.
   SInv:      It lets you see invisible.
   Harm:      It increases damage dealt and taken.
 L - a scarf of resistance (worn)
Magical Staves
 c - the staff of Leti {rC+ SInv Stlth- Ice Air Earth}
   (You acquired it on level 2 of the Lair of Beasts)

   [staff of cold]

   Base accuracy: +5 Base damage: 5 Base attack delay: 1.2 This weapon's minimum
   attack delay (0.6) is reached at skill level 12.
   rC+:       It protects you from cold.
   SInv:      It lets you see invisible.
   Stlth-:    It makes you less stealthy.
   Ice:       It increases the power of your Ice spells.
   Air:       It increases the power of your Air spells.
   Earth:     It increases the power of your Earth spells.
   It falls into the 'Staves' category.
   It is a one-handed weapon.
 z - the staff of Modesty (weapon) {rElec Conj Ice Earth}
   (You acquired it on level 2 of the Lair of Beasts)

   [staff of conjuration]

   Base accuracy: +5 Base damage: 5 Base attack delay: 1.2 This weapon's minimum
   attack delay (0.6) is reached at skill level 12.
   rElec:     It insulates you from electricity.
   Conj:      It increases the power of your Conjurations spells.
   Ice:       It increases the power of your Ice spells.
   Earth:     It increases the power of your Earth spells.
   It falls into the 'Staves' category.
   It is a one-handed weapon.
Jewellery
 d - the ring "Sitean" (left hand) {Wiz rN+}
   (You acquired it on level 2 of the Lair of Beasts)

   [ring of wizardry]

   Wiz:       It improves your spell success rate.
   rN+:       It protects you from negative energy.
 e - a ring of see invisible
 p - a +6 ring of intelligence (right hand)
 H - a ring of resist corrosion
 U - a ring of magical power
 W - an amulet of guardian spirit
Talismans
 w - a talisman of death
 V - a serpent talisman
Wands
 v - a wand of quicksilver (4)
 y - a wand of digging (5)
 E - a wand of charming (14)
 J - a wand of roots (18)
 M - a wand of flame (36)
 O - a wand of polymorph (4)
 P - a wand of mindburst (19)
Scrolls
 g - 2 scrolls of vulnerability
 i - 5 scrolls of revelation
 o - 2 scrolls of enchant weapon
 r - 2 scrolls of enchant armour
 s - a scroll of silence
 u - 3 scrolls of torment
 C - 3 scrolls of identify
 G - a scroll of brand weapon
 K - 5 scrolls of teleportation
 R - a scroll of fog
Potions
 j - 2 potions of might
 n - 8 potions of haste
 q - 6 potions of curing
 x - 3 potions of lignification
 A - 5 potions of brilliance
 B - 4 potions of mutation
 D - 2 potions of invisibility
 T - a potion of ambrosia
Miscellaneous
 b - a tin of tremorstones (2/2)


   Skills:
 * Level 8.6 Fighting
 - Level 2.3 Short Blades
 * Level 3.1 Staves
 + Level 0.1 Throwing
 + Level 7.3 Dodging
 + Level 5.8 Stealth
 + Level 15.8 Spellcasting
 + Level 13.0 Conjurations
 + Level 9.0 Hexes
 + Level 4.9 Translocations
 + Level 1.1 Air Magic
 + Level 6.3 Earth Magic
 + Level 7.3 Alchemy
 * Level 8.2 Invocations
 + Level 7.1 Evocations
 * Level 9.8 Shapeshifting


You had 2 spell levels left.
You knew the following spells:

 Your Spells              Type           Power      Damage    Failure   Level
a - Conjure Ball Lightni  Conj/Air       47%        3x3d16    3%          6
b - Searing Ray           Conj           100%       2d8       0%          2
c - Silence               Hex/Air        32%        N/A       1%          5
d - Hailstorm             Conj/Ice       100%       3d16      1%          3
e - Iskenderun's Mystic   Conj/Tloc      100%       2d19      1%          4
f - Fulminant Prism       Conj/Alch      54%        3d23      1%          4
g - Tukima's Dance        Hex            82%        N/A       1%          3
i - Stone Arrow           Conj/Erth      100%       3d13      1%          3
j - Iskenderun's Battles  Conj           100%       2d15      1%          5
k - Bombard               Conj/Erth      64%        9d11      1%          6
l - Blink                 Tloc           100%       N/A       1%          2

Your spell library contained the following spells:

 Spells                   Type           Power      Damage    Failure   Level
 Magic Dart               Conj           100%       1d8       0%          1
 Sting                    Conj/Alch      100%       1d9       0%          1
 Apportation              Tloc           100%       N/A       1%          1
 Freeze                   Ice            100%       1d10      1%          1
 Kiss of Death            Conj/Necr      100%       2d13      1%          1
 Necrotise                Necr           100%       1d9       1%          1
 Summon Small Mammal      Summ           100%       N/A       1%          1
 Cigotuvi's Dreadful Rot  Necr/Alch/Air  100%       N/A       1%          2
 Ensorcelled Hibernation  Hex/Ice        100%       N/A       1%          2
 Lesser Beckoning         Tloc           100%       N/A       1%          2
 Momentum Strike          Conj/Tloc      100%       3d10      1%          2
 Static Discharge         Conj/Air       100%       3-8/arc   1%          2
 Confusing Touch          Hex            82%        N/A       1%          3
 Dazzling Flash           Conj/Hex       100%       N/A       1%          3
 Frozen Ramparts          Ice            96%        1d15      1%          3
 Fugue of the Fallen      Necr           32%        N/A       1%          3
 Gell's Gravitas          Tloc           64%        N/A       1%          3
 Mephitic Cloud           Conj/Alch/Air  95%        N/A       1%          3
 Summon Ice Beast         Ice/Summ       48%        N/A       1%          3
 Teleport Other           Tloc           64%        N/A       1%          3
 Anguish                  Hex/Necr       31%        N/A       1%          4
 Animate Armour           Summ/Erth      100%       N/A       1%          4
 Cause Fear               Hex            41%        N/A       1%          4
 Passage of Golubria      Tloc           64%        N/A       1%          4
 Vhi's Electric Charge    Tloc/Air       100%       N/A       1%          4
 Alistair's Intoxication  Alch           50%        N/A       1%          5
 Arcjolt                  Conj/Air       47%        1d57      1%          5
 Freezing Cloud           Conj/Ice/Air   51%        6-21      1%          5
 Yara's Violent Unravell  Hex/Alch       39%        3d16      1%          5
 Airstrike                Air            20%        2d(3-19)  2%          4
 Summon Lightning Spire   Summ/Air       37%        N/A       2%          4
 Borgnjor's Vile Clutch   Necr/Erth      36%        N/A       2%          5
 Eringya's Noxious Bog    Alch           37%        4d6       2%          6
 Dispel Undead            Necr           32%        3d14      3%          4
 Martyr's Knell           Necr/Summ      32%        N/A       3%          4
 Dispersal                Tloc           32%        N/A       8%          6
 Enfeeble                 Hex            41%        N/A       8%          7
 Curse of Agony           Necr           32%        N/A       11%         5
 Sculpt Simulacrum        Ice/Alch       38%        N/A       12%         6
 Spellforged Servitor     Conj/Summ      45%        N/A       21%         7
 Plasma Beam              Fire/Air       18%        2x1d30    38%         6
 Lehudib's Crystal Spear  Conj/Erth      64%        10d15     41%         8
 Death Channel            Necr           16%        N/A       45%         6


Dungeon Overview and Level Annotations

Branches:
Dungeon (12/15)            Temple (1/1) D:4            Lair (5/5) D:10
  Swamp (0/4) Lair:3        Snake (0/4) Lair:3        Slime (0/5) Lair:5
    Orc (2/2) D:12            Elf (1/3) Orc:2       Volcano (visited)
 WizLab (1/1)

Altars:
Ashenzari
Cheibriados
Dithmenos
Elyvilon
Fedhas
Gozag
Hepliaklqana
Kikubaaqudgha
Makhleb
Nemelex Xobeh
Okawaru
Qazlal
Ru
Sif Muna
Trog
Uskayaw
Vehumet
Wu Jian
Xom
Yredelemnul
Zin
The Shining One
Jiyva
Lugonu

Shops:
D:4 :   D:7 *   D:9 [   Orc:2 ??*:

Portals:
Abyss: Lair:5

Annotations:
D:4 2 transporters, wildpjah's ghost, novice DsGl
D:6 3 runed translucent doors, voltaire321's ghost, novice DsAl
Lair:1 3 runed translucent doors, Atlas's ghost, journeyman TrSh; Zacwowae's ghost, journeyman MiFi WizLab exclusion: oklob plant


Innate Abilities, Weirdness & Mutations

You sometimes lose your temper in combat.


Message History

You conjure a prism of explosive energy!
A fulminant prism comes into view.
The deep elf archer shoots an arrow.
The arrow hits your fulminant prism!
The centaur warrior shoots an arrow.
The arrow hits your fulminant prism!! The arrow freezes your fulminant prism.
Your fulminant prism detonates feebly.
Casting: Blink (safe; 1% risk of failure)
Press: ? - help, Q - select action, (/) - cycle Dir - look around, f - activate You blink.
The centaur warrior shoots an arrow.
The arrow misses you.
Unknown command.
Aiming: Mindburst
Press: ? - help, Q - select action, (/) - cycle Shift-Dir - straight line, f - deep elf archer
Aim: a deep elf archer, wielding a +0 shortbow and wearing a +0 leather armour (severely wounded, repelling missiles, chance to affect: 38%)
Okay, then.
Aiming: Bombard (dangerous; 1% risk of failure)
Press: ? - help, Q - select action, (/) - cycle Shift-Dir - straight line, f - deep elf archer
Aim: a deep elf archer, wielding a +0 shortbow and wearing a +0 leather armour (severely wounded, repelling missiles, 40% to hit)
You feel a strong surge of power!
The iron shot hits the deep elf archer!!!
You kill the deep elf archer!
Sif Muna accepts your kill.
You feel ready to blink again.
Aiming: Bombard (dangerous; 1% risk of failure)
Press: ? - help, Q - select action, (/) - cycle Shift-Dir - straight line, f - centaur warrior
Aim: a centaur warrior, wielding a +1 orcbow of freezing (severely wounded, 86% to hit)
You feel a strong surge of power!
The iron shot hits the centaur warrior!!!
You kill the centaur warrior!
Sif Muna accepts your kill. The blast sends you backwards.
The faun shoots a sling bullet.
The sling bullet misses you.
Your Conjurations skill increases to level 13!
The faun casts a spell at you.
Your willpower is stripped away!
Aiming: Bombard (dangerous; 1% risk of failure)
Press: ? - help, Q - select action, (/) - cycle Shift-Dir - straight line, f - you
Okay, then.
The faun shoots a sling bullet.
The sling bullet hits you!
You die...

♣.. ... ... ♣♣♣♣.♣♣♣♣ ♣
c.♣♣♣♣ ♣♣♣.......♣♣♣ ♣.
♣.... ♣♣♣...8...8...♣♣ #..
♣... .......∩.∩......
♣...♣♣.. ......8...8.....
♣.....♣♣ ♣♣♣♣♣.......♣♣♣♣
♣.....♣♣♣♣♣♣♣♣♣♣♣♣.♣♣♣♣♣♣♣
♣♣♣♣.c)..@............)...
♣♣♣♣♣.....)....♣.......
♣♣♣♣♣♣♣♣♣♣♣♣♣♣♣♣♣♣♣


You could see a faun.

Vanquished Creatures
  Frances (Elf:1)
  Azrael (Orc:2)
  A fire dragon (Volcano)
  2 hydras
  A catoblepas (Lair:2)
  5 two-headed ogres
  A boulder beetle (D:12)
  A centaur warrior (WizLab)
  3 orc high priests (Orc:2)
  4 death yaks (Lair:4)
  3 thrashing horrors (Lair:5)
  Sonja (D:12)
  4 skysharks
  3 skeletal warriors
  2 deep elf archers (WizLab)
  A deep elf pyromancer (Elf:1)
  A deep elf zephyrmancer (Elf:1)
  3 lindwurms (Volcano)
  3 manticores
  A faun (WizLab)
  6 orc knights
  An ugly thing (D:12)
  7 orc sorcerers
  Maurice (Orc:1)
  32 elephants
  4 black mambas
  5 kobold blastminers (Orc:2)
  A gargoyle (D:12)
  Maggie (Lair:2)
  A torpor snail (Lair:4)
  10 cane toads
  3 large abominations (Lair:5)
  7 smoke demons
  3 kobold demonologists (D:11)
  10 rime drakes
  7 komodo dragons
  5 trolls
  A hornet (Lair:2)
  3 raiju (Lair:5)
  32 blink frogs
  Prince Ribbit (D:9)
  3 shadows
  5 wraiths
  3 ynoxinuls (Lair:5)
  10 wyverns
  5 basilisks
  20 yaks
  4 fire elementals
  Eustachio (D:6)
  5 vampire mosquitoes
  5 steam dragons
  6 small abominations (Lair:5)
  2 wargs
  Edmund (D:6)
  2 nagas (Lair:3)
  A two-headed ogre zombie (D:12)
  14 water moccasins
  3 acid dragons (D:10)
  A hell hound (Orc:2)
  2 black bears
  15 orc warriors
  3 ogres
  2 ice beasts
  15 wolves
  7 centaurs
  A phantom (D:3)
  6 kobold brigands
  12 bullfrogs
  A gnoll sergeant (D:8)
  2 scorpions
  3 wights
  14 killer bees
  3 electric eels
  2 howler monkeys
  A gnoll bouda (D:7)
  17 orc priests
  A hound (D:6)
  7 iguanas
  32 orc wizards
  4 hell rats (Lair:3)
  7 ogre zombies (D:12)
  5 adders
  7 gnolls
  2 ufetubi (D:7)
  6 ribbon worms
  3 dart slugs
  68 orcs
  12 endoplasms
  7 giant cockroaches
  4 gnoll zombies (D:12)
  11 goblins
  13 hobgoblins
  4 jackals (D:3)
  7 quokkas
  10 ball pythons
  5 bats
  6 frilled lizards
  5 gnoll skeletons (D:12)
  21 kobolds
  16 orc zombies (D:12)
  13 rats
  A fulminant prism (Lair:2)
657 creatures vanquished.

Vanquished Creatures (others)
  A warg (Orc:1)
  A centaur (D:11)
  3 ball lightnings (WizLab)
  47 fulminant prisms
52 creatures vanquished.

Grand Total: 709 creatures vanquished

Notes
Turn   | Place    | Note
-------+----------+-------------------------------------------
     0 | D:1      | wildpjah the Deep Elf Conjurer began the quest for the Orb.
     0 | D:1      | Reached XP level 1. HP: 10/10 MP: 6/6
   246 | D:1      | Reached XP level 2. HP: 15/15 MP: 6/8
   370 | D:1      | Reached skill level 5 in Conjurations
   645 | D:1      | Reached XP level 3. HP: 19/19 MP: 5/9
  1342 | D:2      | Reached XP level 4. HP: 24/24 MP: 6/11
  1487 | D:2      | Learned a level 2 spell: Searing Ray
  1490 | D:2      | Learned a level 2 spell: Static Discharge
  2298 | D:2      | Found a sparkling altar of Nemelex Xobeh.
  2736 | D:3      | Noticed an ogre
  2787 | D:3      | Killed an ogre
  2788 | D:3      | Reached skill level 1 in Short Blades
  2788 | D:3      | Reached skill level 4 in Spellcasting
  2788 | D:3      | Reached XP level 5. HP: 28/28 MP: 4/13
  2883 | D:3      | Noticed a phantom
  2904 | D:3      | Killed a phantom
  2905 | D:3      | Reached XP level 6. HP: 14/32 MP: 0/14
  3552 | D:4      | Found a transporter.
  3589 | D:4      | Found a transporter.
  3676 | D:4      | Found a staircase to the Ecumenical Temple.
  3683 | Temple   | Entered the Ecumenical Temple
  3691 | Temple   | Became a worshipper of Sif Muna the Loreminder
  3703 | D:4      | Learned a level 1 spell: Sting
  3708 | D:4      | Learned a level 4 spell: Iskenderun's Mystic Blast
  3752 | D:4      | Found Nareman's Book Shop.
  4508 | D:4      | Noticed wildpjah's ghost (novice DsGl)
  4551 | D:5      | Entered Level 5 of the Dungeon
  4850 | D:5      | Reached skill level 5 in Spellcasting
  5105 | D:5      | Noticed an orc warrior
  5108 | D:5      | Reached XP level 7. HP: 37/37 MP: 12/16
  5116 | D:5      | Reached skill level 1 in Fighting
  5124 | D:5      | Reached * piety under Sif Muna
  5125 | D:5      | Reached skill level 1 in Shapeshifting
  5716 | D:6      | Noticed Edmund
  5725 | D:6      | Killed Edmund
  5726 | D:6      | Reached skill level 6 in Spellcasting
  5827 | D:6      | Reached skill level 5 in Stealth
  5937 | D:6      | Reached XP level 8. HP: 44/44 MP: 12/19
  5999 | D:6      | Reached skill level 1 in Evocations
  6349 | D:6      | Reached skill level 1 in Alchemy
  6354 | D:6      | Learned a level 4 spell: Fulminant Prism
  6385 | D:6      | Noticed Eustachio
  6397 | D:6      | Killed Eustachio
  6398 | D:6      | Reached skill level 7 in Spellcasting
  6840 | D:6      | Found a runed translucent gate.
  6840 | D:6      | Found a runed translucent gate.
  6840 | D:6      | Found a runed translucent gate.
  6843 | D:6      | Noticed voltaire321's ghost (novice DsAl)
  6844 | D:6      | Noticed a kobold demonologist
  6871 | D:6      | Found an opulent altar of Gozag.
  6872 | D:6      | Found a stormy altar of Qazlal.
  6872 | D:6      | Found a burning altar of Makhleb.
  7067 | D:7      | Reached skill level 1 in Air Magic
  7262 | D:7      | Identified the +1 robe "Zith" {Harm rC- Int+4 SInv}
  7303 | D:7      | Reached XP level 9. HP: 46/50 MP: 16/22
  7857 | D:7      | Found Inud Rogg's Neck Hole.
  8260 | D:8      | Reached ** piety under Sif Muna
  8272 | D:8      | Reached skill level 8 in Spellcasting
  8337 | D:8      | Reached skill level 1 in Staves
  9496 | D:9      | Found Uwkac's Antique Armour Emporium.
  9503 | D:9      | Bought a jewelled helmet for 266 gold pieces
  9503 | D:9      | Identified the +2 helmet of Starshine {rElec} (You bought
                  | it in a shop on level 9 of the Dungeon)
  9526 | D:9      | Noticed Prince Ribbit
  9533 | D:9      | Killed Prince Ribbit
  9574 | D:9      | Found a glowing silver altar of Zin.
  9728 | D:9      | Reached skill level 5 in Dodging
  9728 | D:9      | Reached XP level 10. HP: 50/56 MP: 14/24
  9729 | D:9      | Reached *** piety under Sif Muna
  9730 | D:9      | Reached skill level 9 in Spellcasting
  9912 | D:9      | Found a shimmering altar of Xom.
  9920 | D:9      | Learned a level 3 spell: Tukima's Dance
  9950 | D:9      | Found a radiant altar of Vehumet.
 10253 | D:10     | Entered Level 10 of the Dungeon
 10315 | D:10     | You fall into a shaft and drop 2 floors!
 10351 | D:12     | Found a staircase to the Orcish Mines.
 10471 | D:12     | Reached skill level 5 in Evocations
 10471 | D:12     | Reached skill level 5 in Shapeshifting
 10481 | D:12     | Noticed a boulder beetle
 10644 | D:11     | Noticed a two-headed ogre
 10664 | D:11     | Killed a two-headed ogre
 10786 | D:11     | Reached skill level 1 in Hexes
 11437 | D:11     | Learned a level 3 spell: Teleport Other
 11441 | D:11     | Learned a level 3 spell: Stone Arrow
 11557 | D:11     | Gained mutation: You sometimes lose your temper in combat.
                  | [a neqoxec]
 11570 | D:11     | Reached skill level 1 in Translocations
 11693 | D:11     | Noticed a manticore
 11695 | D:11     | Killed a manticore
 11696 | D:11     | Reached skill level 5 in Fighting
 11696 | D:11     | Reached skill level 10 in Spellcasting
 11959 | D:11     | Reached XP level 11. HP: 63/63 MP: 10/27
 12543 | D:10     | Reached **** piety under Sif Muna
 12675 | D:10     | Noticed a two-headed ogre
 12678 | D:10     | Killed a two-headed ogre
 12729 | D:10     | Found a staircase to the Lair.
 12740 | D:10     | Noticed a two-headed ogre
 12754 | D:10     | Killed a two-headed ogre
 13330 | D:12     | Killed a boulder beetle
 13331 | D:12     | Reached skill level 1 in Earth Magic
 13348 | D:12     | Noticed a skeletal warrior
 13349 | D:12     | Noticed a skeletal warrior
 13445 | D:12     | Noticed a skeletal warrior
 13451 | D:11     | Killed a skeletal warrior
 13514 | D:11     | Killed a skeletal warrior
 13613 | D:12     | Killed a skeletal warrior
 13614 | D:12     | Reached skill level 11 in Spellcasting
 13889 | D:12     | Noticed a brown ugly thing
 13895 | D:12     | Killed a brown ugly thing
 14318 | D:12     | Noticed Sonja
 14322 | D:12     | Killed Sonja
 14523 | D:12     | Noticed a two-headed ogre
 14533 | D:12     | Killed a two-headed ogre
 14534 | D:12     | Reached skill level 10 in Conjurations
 14534 | D:12     | Reached skill level 5 in Invocations
 14698 | D:12     | Reached XP level 12. HP: 16/69 MP: 14/29
 15160 | Lair:1   | Entered Level 1 of the Lair of Beasts
 15498 | Lair:1   | Reached ***** piety under Sif Muna
 15654 | Lair:1   | Found a runed translucent gate.
 15654 | Lair:1   | Found a runed translucent gate.
 15654 | Lair:1   | Found a runed translucent gate.
 15656 | Lair:1   | Noticed Atlas's ghost (journeyman TrSh)
 15656 | Lair:1   | Noticed Zacwowae's ghost (journeyman MiFi)
 16057 | Lair:1   | Reached skill level 12 in Spellcasting
 16960 | Lair:2   | Received a gift from Sif Muna
 17152 | Lair:2   | Noticed a catoblepas
 17162 | Lair:2   | Noticed Maggie
 17165 | Lair:2   | Killed a catoblepas
 17175 | Lair:2   | Killed Maggie
 17836 | Lair:2   | Identified 6 scrolls of acquirement
 17836 | Lair:2   | Acquired the staff of Leti {rC+ SInv Stlth- Ice Air Earth}
 17840 | Lair:2   | Acquired the Annotations on the Excruciating Plateau
 17842 | Lair:2   | Acquired the staff of Modesty {rElec Conj Ice Earth}
 17850 | Lair:2   | Learned a level 5 spell: Iskenderun's Battlesphere
 17863 | Lair:2   | Acquired 1321 gold pieces
 17865 | Lair:2   | Acquired the ring "Sitean" {Wiz rN+}
 17877 | Lair:2   | Learned a level 6 spell: Bombard
 17879 | Lair:2   | Acquired 905 gold pieces
 18049 | D:7      | Bought a scarf of resistance for 384 gold pieces
 18141 | D:4      | Bought a book of Lightning for 468 gold pieces
 18151 | D:4      | Bought a book of the Tundra for 390 gold pieces
 18155 | D:4      | Learned a level 3 spell: Hailstorm
 18777 | Lair:3   | Found a dark tunnel.
 18785 | Volcano  | Entered a volcano
 18816 | Volcano  | Reached skill level 5 in Alchemy
 18850 | Volcano  | Reached skill level 13 in Spellcasting
 18850 | Volcano  | Reached skill level 5 in Hexes
 19000 | Volcano  | Reached XP level 13. HP: 44/75 MP: 22/32
 19274 | Volcano  | Noticed a fire dragon
 19278 | Volcano  | Killed a fire dragon
 19999 | Lair:3   | Found a staircase to the Snake Pit.
 20613 | Lair:3   | Found a staircase to the Swamp.
 21743 | Lair:4   | Reached skill level 14 in Spellcasting
 22369 | Lair:5   | Entered Level 5 of the Lair of Beasts
 22380 | Lair:5   | Reached XP level 14. HP: 82/82 MP: 9/34
 22639 | Lair:5   | Reached skill level 5 in Earth Magic
 24139 | Lair:5   | Learned a level 5 spell: Silence
 24258 | Lair:5   | Reached skill level 15 in Spellcasting
 24363 | Lair:5   | Found a corrupted altar of Lugonu.
 24363 | Lair:5   | Found a one-way gate to the infinite horrors of the Abyss.
 24392 | Lair:5   | Identified the +2 robe of Qeafoxue {rElec MP+9 Int-5}
 24434 | Lair:5   | Found a staircase to the Slime Pits.
 24437 | Lair:5   | Found a viscous altar of Jiyva.
 25141 | Lair:5   | Learned a level 2 spell: Blink
 25303 | Orc:1    | Entered Level 1 of the Orcish Mines
 25311 | Orc:1    | Noticed Maurice
 25459 | Orc:1    | Received a gift from Sif Muna
 25997 | Orc:1    | Killed Maurice
 26017 | Orc:1    | Got Dispater's Handbook of Arcane Weapons {god gift}
 26297 | Orc:2    | Entered Level 2 of the Orcish Mines
 26297 | Orc:2    | Found a staircase to the Elven Halls.
 26650 | Orc:2    | Noticed Azrael
 26656 | Orc:2    | HP: 4/83 [Azrael/damnation (45)]
 26657 | Orc:2    | Killed Azrael
 27537 | Orc:2    | Found Ohepo's Book Shoppe.
 27541 | Orc:2    | Reached XP level 15. HP: 31/88 MP: 28/36
 28376 | Orc:2    | Found Jephyd's Assorted Antiques.
 28377 | Orc:2    | Found Yrexziff's Magic Scroll Boutique.
 28377 | Orc:2    | Found Ynir's Magic Scroll Boutique.
 28391 | Orc:2    | Bought a scroll of identify for 32 gold pieces
 28391 | Orc:2    | Bought 2 scrolls of identify for 64 gold pieces
 28391 | Orc:2    | Bought a scroll of identify for 32 gold pieces
 28391 | Orc:2    | Bought a scroll of identify for 32 gold pieces
 28414 | Orc:2    | Bought a scroll of brand weapon for 114 gold pieces
 28532 | Elf:1    | Entered Level 1 of the Elven Halls
 28542 | Elf:1    | Learned a level 6 spell: Conjure Ball Lightning
 28594 | Elf:1    | Noticed Frances
 28597 | Elf:1    | Killed Frances
 28722 | Elf:1    | Identified the +3 ring mail of the Shining One's Hope
                  | {rPois rN+ Dex-2}
 28739 | Elf:1    | Found a magical portal.
 28748 | WizLab   | Entered Eringya's Formal Garden
 29033 | WizLab   | Shot with a sling bullet by a faun

Illustrated notes

Levels and vault maps discovered:
D:1:      shiori_shiawase, layout_rooms
D:2:      layout_basic, basic_altar, minmay_misc_feat_encased,
          minmay_small_reverse_x
D:3:      layout_basic, minmay_randomly_rotated_circles
D:4:      minmay_octagon_keep, layout_basic, minmay_temple_entry_butterflies,
          gammafunk_ghost_abyssal_escape, kennysheep_windowed_goal
D:5:      layout_loops_ring
D:6:      layout_rooms, chequers_temple_overflow_statue_of_worship,
          gammafunk_ghost_nasty_kobolds, serial_corexii_hall,
          chequers_hall_statues_corner_a, corexii_hall_statues_t,
          corexii_hall_statues_x, uniq_eustachio, uniq_edmund
D:7:      layout_basic, nicolae_shop_sticking_my_neck_out
D:8:      layout_basic
D:9:      layout_loops_ring, nicolae_overflow_crystal_walls,
          mainiacjoe_overflow_catwalk_spiral, serial_shops, shop,
          uniq_prince_ribbit1
D:10:     layout_roguey, lair_entry_dummy, kennysheep_decorative_pillar,
          minmay_crystal_water, ebering_dispersal_statue_hall
D:11:     layout_gridville, minivault_5, kennysheep_boxes
D:12:     layout_loops_ring, zombieorc2_lemuel, uniq_sonja
Temple:   nicolae_temple_x_marks_the_god
Lair:1:   layout_concentric_octagons, gammafunk_ghost_cemetery, st_stairs_3,
          grunt_megastairs_3, serial_bayou_shore_a, serial_bayou_shore_b,
          infiniplex_staircase_pool
Lair:2:   layout_cave_pods, uniq_maggie
Lair:3:   layout_cave_pods, minmay_swamp_entry_swarm,
          guppyfry_snake_entry_garden, special_room [special_room_mythical_zoo],
          nicolae_volcano_entry_two_sided
Lair:4:   layout_gridlike
Lair:5:   hellmonk_lair_end_abyssal_woods, layout_loops_ring, slime_entry_1,
          grunt_megastairs_4
Orc:1:    layout_caves, uniq_maurice
Orc:2:    st_orc_elflike, layout_diamond_mine, uniq_azrael
Elf:1:    layout_geoelf_diagonals, mu_enter_wizlab_5, minivault_28,
          amcnicky_mini_corridor_feature, uniq_zenata, uniq_frances
WizLab:   wizlab_eringya

Skill      XL: |  1  2  3  4  5  6  7  8  9 10 11 12 13 14 15 |
---------------+----------------------------------------------+-----
Conjurations   | 5 6 7 8 9 10 11 12 13 | 13.0
Stealth        | 3 4 5 |  5.8
Short Blades   | 1 2 |  2.3
Dodging        | 3 4 5 6 7 |  7.3
Spellcasting   | 4 5 6 7 8 10 11 13 14 15 | 15.8
Fighting       | 1 3 4 5 6 7 8 |  8.6
Shapeshifting  | 2 3 4 5 6 7 8 9 |  9.8
Evocations     | 2 4 5 7 |  7.1
Alchemy        | 2 5 6 7 |  7.3
Air Magic      | 1 |  1.1
Staves         | 1 2 3 |  3.1
Invocations    | 3 5 6 7 8 |  8.2
Hexes          | 1 2 5 7 8 9 |  9.0
Translocations | 1 4 |  4.9
Earth Magic    | 1 3 4 6 |  6.3
Throwing       | |  0.1

Action                     |  1- 3 |  4- 6 |  7- 9 | 10-12 | 13-15 || total
---------------------------+-------+-------+-------+-------+-------++-------
  Melee: Dagger            |       |    66 |     2 |       |       ||    68
         Short sword       |       |     6 |       |       |       ||     6
         Staff             |       |       |    26 |    24 |    50 ||   100
         Punch             |       |       |       |       |     1 ||     1
  Throw: Throwing net      |       |     1 |       |     1 |       ||     2
   Cast: Magic Dart        |    76 |   113 |    24 |    24 |     5 ||   242
         Searing Ray       |       |    20 |    56 |    48 |     2 ||   126
         Sting             |       |       |    32 |       |       ||    32
         Static Discharge  |       |       |     7 |       |       ||     7
         Fulminant Prism   |       |       |     2 |    29 |    17 ||    48
         Iskenderun's Myst |       |       |     1 |    34 |    18 ||    53
         Stone Arrow       |       |       |       |   159 |   190 ||   349
         Tukima's Dance    |       |       |       |     8 |     3 ||    11
         Teleport Other    |       |       |       |     1 |       ||     1
         Iskenderun's Batt |       |       |       |     1 |    28 ||    29
         Bombard           |       |       |       |       |   125 ||   125
         Hailstorm         |       |       |       |       |     6 ||     6
         Blink             |       |       |       |       |     1 ||     1
         Conjure Ball Ligh |       |       |       |       |     1 ||     1
 Invoke: Channel Magic     |       |       |       |     5 |    14 ||    19
         Forget Spell      |       |       |       |     1 |     2 ||     3
  Evoke: Wand              |       |       |       |    15 |     8 ||    23
    Use: Potion            |       |       |     1 |       |     5 ||     6
         Scroll            |       |       |       |    20 |    16 ||    36
   Stab: Sleeping          |       |     5 |     1 |       |     1 ||     7
 Armour: Robe              |     2 |    42 |    80 |    83 |   139 ||   346
         Steam dragon scal |       |       |       |    42 |       ||    42
         Skin              |       |       |       |       |    14 ||    14
  Dodge: Dodged            |     1 |    38 |    70 |   116 |   140 ||   365
         Form:             |       |       |       |       |     1 ||     1
         Serpent           |       |       |       |       |     1 ||     1

Table legend: (Time is in decaauts)
 A = Elapsed time spent in this place.
 B = Non-inter-level travel time spent in this place.
 C = Inter-level travel time spent in this place.
 D = Time resting spent in this place.
 E = Time spent auto-exploring this place.
 F = Levels seen in this place.
 G = Mean time per level.
                   A        B        C        D        E       F      G
               +--------+--------+--------+--------+--------+-----+--------+
         Total |  29100 |  27834 |   1266 |   2691 |  21452 |  23 | 1265.2 |
       Dungeon |  16220 |  15323 |    897 |   1295 |  11983 |  12 | 1351.7 |
        Temple |     16 |     16 |      0 |      0 |      0 |   1 |   16.0 |
          Lair |   9150 |   8831 |    319 |    233 |   7567 |   5 | 1830.0 |
  Orcish Mines |   2572 |   2522 |     50 |    795 |   1371 |   2 | 1286.0 |
   Elven Halls |    215 |    215 |      0 |      8 |    166 |   1 |  215.0 |
       Volcano |    639 |    639 |      0 |    127 |    348 |   1 |  639.0 |
        Wizlab |    284 |    284 |      0 |    233 |     17 |   1 |  284.0 |
               +--------+--------+--------+--------+--------+-----+--------+

Top non-repeatable levels by time:
  Lair:5: 2801 daAuts
    D:12: 2310 daAuts
    D:11: 1879 daAuts
  Lair:1: 1862 daAuts
  Lair:3: 1857 daAuts
   Orc:2: 1752 daAuts
     D:2: 1522 daAuts
  Lair:2: 1498 daAuts
    D:10: 1482 daAuts
     D:7: 1363 daAuts
     D:5: 1213 daAuts
     D:6: 1180 daAuts
  Lair:4: 1131 daAuts
     D:9: 1130 daAuts
     D:4: 1119 daAuts
